PA
SOUTH BEACH BLAZE @ ATHLETIC CLUB KC U-21
06/24/2027
 
TOP OF THE 1ST
South Beach Blaze batting - Pitching for Athletic Club KC U-21 : LHP Ben Skelton
Pitching: LHP Ben Skelton
Batting: RHB António Ramírez 0-0: Fly out, F8 (Flyball, 8RM)
Batting: RHB Harlan Peppers 0-0: Ball
1-0: Called Strike
1-1: Ball
2-1: Called Strike
2-2: SINGLE (Groundball, 6MD)
Batting: RHB Stanley van de Ven 0-0: Called Strike
0-1: Ball
1-1: Foul Ball, location: 2F
1-2: Ball
2-2: SINGLE (Flyball, 8RS)
Harlan Peppers to second
Batting: RHB Martinus Xhaka 0-0: Ball
1-0: Called Strike
1-1: Ball
2-1: Called Strike
2-2: Strikes out swinging
Batting: LHB Marcel Escoda 0-0: Ball
1-0: Called Strike
1-1: Ball
2-1: Ball
3-1: Base on Balls
Harlan Peppers to third
Stanley van de Ven to second
Batting: RHB Shizuo Heiwajaima 0-0: Ball
1-0: Ball
2-0: Called Strike
2-1: Swinging Strike
2-2: Ball
3-2: Foul Ball, location: 2F
3-2: Base on Balls
Harlan Peppers scores
Stanley van de Ven to third
Marcel Escoda to second
Batting: RHB Omer Yurtseven 0-0: Ball
1-0: Foul Ball, location: 2F
1-1: SINGLE (Flyball, 8LM)
Stanley van de Ven scores
Marcel Escoda to third
Shizuo Heiwajaima to second
Runner from 3rd tries for Home, SAFE, no throw
Batting: LHB Ramiro Ramos 0-0: Ball
1-0: Called Strike
1-1: SINGLE (Groundball, 6MD)
Shizuo Heiwajaima to third
Omer Yurtseven to second
Runner from 3rd tries for Home, SAFE, no throw
Batting: LHB Raymond Graham 0-0: Ball
1-0: Foul Ball, location: 2F
1-1: Foul Ball, location: 2F
1-2: Foul Ball, location: 2F
1-2: Strikes out looking
Top of the 1st over - 4 run(s), 4 hit(s), 0 error(s), 2 left on base; South Beach 4 - Athletic Club KC 0
BOTTOM OF THE 1ST
Athletic Club KC U-21 batting - Pitching for South Beach Blaze : RHP Jules Goux
Pitching: RHP Jules Goux
Batting: RHB Khal Drogo 0-0: Ball
1-0: Ball
2-0: Foul Ball, location: 2F
2-1: Called Strike
2-2: Ball
3-2: Base on Balls
Batting: RHB Roberto Romero 0-0: Called Strike
0-1: Swinging Strike
0-2: Fly out, F8 (Flyball, 78S)
Batting: RHB Dani Reyes 0-0: Ball
Khal Drogo steals 2nd base
1-0: Called Strike
Khal Drogo steals 3rd base
1-1: Called Strike
1-2: Strikes out swinging
Batting: RHB Tasuku Goto 0-0: Called Strike
0-1: Ball
1-1: Ball
2-1: Swinging Strike
2-2: Strikes out looking
Bottom of the 1st over - 0 run(s), 0 hit(s), 0 error(s), 1 left on base; South Beach 4 - Athletic Club KC 0
TOP OF THE 2ND
South Beach Blaze batting - Pitching for Athletic Club KC U-21 : LHP Ben Skelton
Batting: RHB António Ramírez 0-0: Called Strike
0-1: Foul Ball, location: 2F
0-2: Fly out, F9 (Flyball, 9)
Batting: RHB Harlan Peppers 0-0: Ground out 6-3 (Groundball, 6)
Batting: RHB Stanley van de Ven 0-0: Ground out 5-3 (Groundball, 56)
Top of the 2nd over - 0 run(s), 0 hit(s), 0 error(s), 0 left on base; South Beach 4 - Athletic Club KC 0
BOTTOM OF THE 2ND
Athletic Club KC U-21 batting - Pitching for South Beach Blaze : RHP Jules Goux
Batting: SHB Gerald Merendino 0-0: Ball
1-0: Ball
2-0: Swinging Strike
2-1: Ball
3-1: Foul Ball, location: 2F
3-2: Strikes out swinging
Batting: RHB Fernando Rodríguez 0-0: Called Strike
0-1: Swinging Strike
0-2: Ball
1-2: Strikes out swinging
Batting: SHB Ijsbrand van Hoogewegen 0-0: Ball
1-0: Swinging Strike
1-1: Called Strike
1-2: Strikes out swinging
Bottom of the 2nd over - 0 run(s), 0 hit(s), 0 error(s), 0 left on base; South Beach 4 - Athletic Club KC 0
TOP OF THE 3RD
South Beach Blaze batting - Pitching for Athletic Club KC U-21 : LHP Ben Skelton
Batting: RHB Martinus Xhaka 0-0: Ball
1-0: Ball
2-0: Swinging Strike
2-1: Ground out 6-3 (Groundball, 56)
Batting: LHB Marcel Escoda 0-0: Ground out 4-3 (Groundball, 4M)
Batting: RHB Shizuo Heiwajaima 0-0: Ground out 4-3 (Groundball, 4)
Top of the 3rd over - 0 run(s), 0 hit(s), 0 error(s), 0 left on base; South Beach 4 - Athletic Club KC 0
BOTTOM OF THE 3RD
Athletic Club KC U-21 batting - Pitching for South Beach Blaze : RHP Jules Goux
Batting: RHB Ted Hansen 0-0: Called Strike
0-1: Swinging Strike
0-2: Strikes out looking
Batting: RHB Dewey Nauss 0-0: Swinging Strike
0-1: Swinging Strike
0-2: Strikes out swinging
Batting: RHB Khal Drogo 0-0: Ball
1-0: Foul Ball, location: 2F
1-1: Swinging Strike
1-2: SINGLE (Groundball, 56D)
Batting: RHB Roberto Romero 0-0: Ball
Khal Drogo steals 2nd base
1-0: Foul Ball, location: 2F
1-1: Ball
2-1: Ball
Wild Pitch!
Khal Drogo to third
3-1: Called Strike
3-2: Base on Balls
Batting: RHB Dani Reyes 0-0: Fly out, F6 (Popup, 6D)
Bottom of the 3rd over - 0 run(s), 1 hit(s), 0 error(s), 2 left on base; South Beach 4 - Athletic Club KC 0
TOP OF THE 4TH
South Beach Blaze batting - Pitching for Athletic Club KC U-21 : LHP Ben Skelton
Batting: RHB Omer Yurtseven 0-0: Called Strike
0-1: Fly out, F8 (Line Drive, 8LM)
Batting: LHB Ramiro Ramos 0-0: Called Strike
0-1: Fly out, F7 (Flyball, 7S)
Batting: LHB Raymond Graham 0-0: Ball
1-0: Ball
2-0: Called Strike
2-1: Fly out, F7 (Flyball, 7LMF)
Top of the 4th over - 0 run(s), 0 hit(s), 0 error(s), 0 left on base; South Beach 4 - Athletic Club KC 0
BOTTOM OF THE 4TH
Athletic Club KC U-21 batting - Pitching for South Beach Blaze : RHP Jules Goux
Batting: RHB Tasuku Goto 0-0: Ball
1-0: Reached on error, E6 (Groundball, 56)
Batting: SHB Gerald Merendino 0-0: Ball
1-0: Ball
Tasuku Goto steals 2nd base
2-0: Called Strike
2-1: Foul Ball, location: 2F
2-2: Ball
3-2: Strikes out swinging
Batting: RHB Fernando Rodríguez 0-0: Called Strike
0-1: Ball
1-1: Ball
2-1: Foul Ball, location: 2F
2-2: Ground out 4-3 (Groundball, 4)
Tasuku Goto to third
Batting: SHB Ijsbrand van Hoogewegen 0-0: Ball
1-0: Ground out 4-3 (Groundball, 4)
Bottom of the 4th over - 0 run(s), 0 hit(s), 1 error(s), 1 left on base; South Beach 4 - Athletic Club KC 0
TOP OF THE 5TH
South Beach Blaze batting - Pitching for Athletic Club KC U-21 : LHP Ben Skelton
Batting: RHB António Ramírez 0-0: SINGLE (Line Drive, 34)
Batting: RHB Harlan Peppers 0-0: Bunted foul
0-1: Sac Bunt - play at first, batter safe!
António Ramírez to second
Batting: RHB Stanley van de Ven 0-0: Ball
1-0: Called Strike
1-1: SINGLE (Groundball, 56D)
António Ramírez to third
Harlan Peppers to second
Runner from 3rd tries for Home, SAFE, no throw
Batting: RHB Martinus Xhaka 0-0: Called Strike
0-1: Ball
1-1: Ball
2-1: Reached on error, E3 (Groundball, 34)
Harlan Peppers to third
Stanley van de Ven to second
Batting: LHB Marcel Escoda 0-0: Grounds out, U3 (Groundball, 3L)
Harlan Peppers scores
Stanley van de Ven to third
Pitching: RHP Ernesto Lucero
Batting: RHB Shizuo Heiwajaima 0-0: Foul Ball, location: 2F
0-1: Called Strike
0-2: Ball
1-2: Fly out, F9 (Flyball, 89D)
Runner from 3rd tags up, SCORES, no throw
Martinus Xhaka to third
Batting: RHB Omer Yurtseven 0-0: Ball
1-0: Called Strike
1-1: Swinging Strike
1-2: Strikes out looking
Top of the 5th over - 3 run(s), 3 hit(s), 1 error(s), 1 left on base; South Beach 7 - Athletic Club KC 0
BOTTOM OF THE 5TH
Athletic Club KC U-21 batting - Pitching for South Beach Blaze : RHP Jules Goux
Batting: RHB Ted Hansen 0-0: Ball
1-0: Ball
2-0: Foul Ball, location: 2F
2-1: SINGLE (Flyball, 89S)
Batting: RHB Dewey Nauss 0-0: Called Strike
0-1: Ball
1-1: Called Strike
1-2: Ball
2-2: Ball
3-2: Strikes out looking
Batting: RHB Khal Drogo 0-0: Foul Ball, location: 2F
0-1: Foul Ball, location: 2F
0-2: Strikes out swinging
Batting: RHB Roberto Romero 0-0: Ball
1-0: Fielders Choice at 2nd, 6-4 (Groundball, 56)
Bottom of the 5th over - 0 run(s), 1 hit(s), 0 error(s), 0 left on base; South Beach 7 - Athletic Club KC 0
TOP OF THE 6TH
South Beach Blaze batting - Pitching for Athletic Club KC U-21 : RHP Ernesto Lucero
Batting: LHB Ramiro Ramos 0-0: Called Strike
0-1: Swinging Strike
0-2: Strikes out looking
Batting: LHB Raymond Graham 0-0: Ball
1-0: Fly out, F6 (Popup, 6D)
Batting: RHB António Ramírez 0-0: Ball
1-0: SINGLE (Groundball, 34D)
Batting: RHB Harlan Peppers 0-0: Called Strike
0-1: Foul Ball, location: 2F
0-2: SINGLE (Flyball, 9LS)
António Ramírez to second
Runner from 2nd tries for 3rd, SAFE, throw made to third
Batting: RHB Stanley van de Ven 0-0: Ball
1-0: Called Strike
1-1: Swinging Strike
1-2: Strikes out looking
Top of the 6th over - 0 run(s), 2 hit(s), 0 error(s), 2 left on base; South Beach 7 - Athletic Club KC 0
BOTTOM OF THE 6TH
Athletic Club KC U-21 batting - Pitching for South Beach Blaze : RHP Jules Goux
Batting: RHB Dani Reyes 0-0: Called Strike
0-1: Ball
1-1: Called Strike
1-2: Ball
2-2: Strikes out swinging
Batting: RHB Tasuku Goto 0-0: Fly out, F8 (Flyball, 8LD)
Batting: SHB Gerald Merendino 0-0: Swinging Strike
0-1: Fly out, F9 (Line Drive, 9)
Bottom of the 6th over - 0 run(s), 0 hit(s), 0 error(s), 0 left on base; South Beach 7 - Athletic Club KC 0
TOP OF THE 7TH
South Beach Blaze batting - Pitching for Athletic Club KC U-21 : RHP Ernesto Lucero
Batting: RHB Martinus Xhaka 0-0: Foul Ball, location: 2F
0-1: Ball
1-1: Foul Ball, location: 2F
1-2: Foul Ball, location: 2F
1-2: Strikes out looking
Batting: LHB Marcel Escoda 0-0: Ball
1-0: Ground out 4-3 (Groundball, 4)
Batting: RHB Shizuo Heiwajaima 0-0: Fly out, F9 (Flyball, 9LSF)
Top of the 7th over - 0 run(s), 0 hit(s), 0 error(s), 0 left on base; South Beach 7 - Athletic Club KC 0
BOTTOM OF THE 7TH
Athletic Club KC U-21 batting - Pitching for South Beach Blaze : RHP Jules Goux
Batting: RHB Fernando Rodríguez 0-0: Called Strike
0-1: Ball
1-1: Ball
2-1: Fly out, F8 (Flyball, 8RS)
Batting: SHB Ijsbrand van Hoogewegen 0-0: Ball
1-0: Ball
2-0: Ground out 6-3 (Groundball, 6)
Batting: RHB Ted Hansen 0-0: Ball
1-0: Called Strike
1-1: Fly out, F9 (Flyball, 9S)
Bottom of the 7th over - 0 run(s), 0 hit(s), 0 error(s), 0 left on base; South Beach 7 - Athletic Club KC 0
TOP OF THE 8TH
South Beach Blaze batting - Pitching for Athletic Club KC U-21 : RHP Ernesto Lucero
Batting: RHB Omer Yurtseven 0-0: Called Strike
0-1: Foul Ball, location: 2F
0-2: Strikes out swinging
Batting: LHB Ramiro Ramos 0-0: Ball
1-0: Ball
2-0: Called Strike
2-1: Ball
3-1: Fly out, F6 (Popup, 5D)
Batting: LHB Raymond Graham 0-0: Called Strike
0-1: Called Strike
0-2: Foul Ball, location: 2F
0-2: Strikes out looking
Top of the 8th over - 0 run(s), 0 hit(s), 0 error(s), 0 left on base; South Beach 7 - Athletic Club KC 0
BOTTOM OF THE 8TH
Athletic Club KC U-21 batting - Pitching for South Beach Blaze : RHP Jules Goux
Batting: RHB Dewey Nauss 0-0: Called Strike
0-1: Foul Ball, location: 2F
0-2: Ball
1-2: Ground out 5-3 (Groundball, 56)
Batting: RHB Khal Drogo 0-0: Fly out, F9 (Flyball, 9)
Batting: RHB Roberto Romero 0-0: Ball
1-0: Ball
2-0: Foul Ball, location: 2F
2-1: Foul Ball, location: 2F
2-2: Fly out, F7 (Flyball, 7)
Bottom of the 8th over - 0 run(s), 0 hit(s), 0 error(s), 0 left on base; South Beach 7 - Athletic Club KC 0
TOP OF THE 9TH
South Beach Blaze batting - Pitching for Athletic Club KC U-21 : RHP Ernesto Lucero
Batting: RHB António Ramírez 0-0: Hit by Pitch
Batting: RHB Harlan Peppers 0-0: Ball
1-0: Swinging Strike
1-1: Ball
2-1: Foul Ball, location: 2F
2-2: Ball
3-2: Ground out 5-3 (Groundball, 56)
António Ramírez to second
Batting: RHB Stanley van de Ven 0-0: Ball
António Ramírez steals 3rd base
1-0: Called Strike
1-1: Ball
2-1: Called Strike
2-2: Ball
3-2: Foul Ball, location: 2F
3-2: Base on Balls
Pitching: RHP Júlio García
Batting: RHB Martinus Xhaka 0-0: Swinging Strike
0-1: Swinging Strike
0-2: Ball
1-2: Ball
2-2: Strikes out swinging
Batting: LHB Marcel Escoda 0-0: Called Strike
0-1: Ball
Wild Pitch!
António Ramírez scores
Stanley van de Ven to second
1-1: Ball
2-1: Called Strike
2-2: Strikes out swinging
Top of the 9th over - 1 run(s), 0 hit(s), 0 error(s), 1 left on base; South Beach 8 - Athletic Club KC 0
BOTTOM OF THE 9TH
Athletic Club KC U-21 batting - Pitching for South Beach Blaze : RHP Jules Goux
Pitching: RHP Norm Griffin
Batting: RHB Dani Reyes 0-0: Foul Ball, location: 2F
0-1: Called Strike
0-2: Strikes out swinging
Batting: RHB Tasuku Goto 0-0: Ball
1-0: Ball
2-0: Called Strike
2-1: Ball
3-1: SOLO HOME RUN (Flyball, 7D), Distance : 399 ft
Batting: SHB Gerald Merendino 0-0: Ball
1-0: Foul Ball, location: 2F
1-1: SINGLE (Flyball, 7S)
Batting: RHB Fernando Rodríguez 0-0: Called Strike
0-1: Ball
1-1: Foul Ball, location: 2F
1-2: Strikes out swinging
Batting: SHB Ijsbrand van Hoogewegen 0-0: Called Strike
0-1: Foul Ball, location: 2F
0-2: Ground out 1-3 (Groundball, 15S)
Bottom of the 9th over - 1 run(s), 2 hit(s), 0 error(s), 1 left on base; South Beach 8 - Athletic Club KC 1
Saturday, May 26th, 2018 - OOTP Baseball 17.12 Build 75